 Dungeon Crawl Stone Soup version 0.31-a0-240-gb923e448b6 (webtiles) character file.

Game seed: 12784208130937460115

1489 Nattfarinn the Fighter (level 9, -1/47 HPs)
             Began as a Djinni Shapeshifter on July 11, 2023.
             Was an Initiate of Ashenzari.
             Slain by a steam dragon (3 damage)
             ... on level 6 of the Dungeon.
             The game lasted 00:11:24 (4864 turns).

Nattfarinn the Fighter (Djinni Shapeshifter)        Turns: 4864, Time: 00:11:24

Health: -1/47      AC: 12    Str: 28    XL:     9   Next: 7%
Gold:   208        EV: 10    Int: 13    God:    Ashenzari [......] SH:  0 Dex: 16

rFire   . .          .
                       - Unarmed
rCold   . . .        (shield currently unavailable)
rNeg    + . .        a - melded +0 animal skin
rPois   ∞            (helmet currently unavailable)
rElec   +            (cloak currently unavailable)
rCorr   .            (gloves currently unavailable)
SInv    .            (boots unavailable)
Will    .....        (no amulet)
Stlth   +            z - ring of the Sky {MP+9 AC+4 Str+5}
HPRegen 0.27/turn    A - ring "Nuabi" {rElec rN+ Int+2 Dex+3}
MPRegen 0.00/turn

%: infuse magic (-2 HP)
@: snake-form, flying, studying Armour
A: constrict, flying, reduced hp, sickness immunity, large, (fire resistance 2),
(cold vulnerability 1), float, innate caster, HP casting, extra vitality 1
a: Renounce Religion


You were on level 6 of the Dungeon.
You worshipped Ashenzari.
Ashenzari was noncommittal.
You were an enormous anaconda.
You visited 2 branches of the dungeon, and saw 7 of its levels.
You also visited: Sewer.

You collected 208 gold pieces.

Inventory:

Missiles
 H - a throwing net
Armour
 a - a +0 animal skin (melded)
 l - a +1 helmet of see invisible
 v - the +2 robe "Sugoary" {Harm rF- rC+}
   (You found it on level 3 of the Dungeon)

   rF:        It makes you vulnerable to fire.
   rC:        It protects you from cold.
   Harm:      It increases damage dealt and taken.
 N - +0 fire dragon scales
Jewellery
 e - a +5 ring of evasion
 y - the ring "Dapuura" {Fire Contam rElec Slay+5 Stlth-}
   (You acquired it in a sewer)

   [ring of fire]

   It enhances your fire magic.
   Slay:      It affects your accuracy & damage with ranged weapons and melee
   (+5).
   rF:        It protects you from fire.
   rC:        It makes you vulnerable to cold.
   rElec:     It insulates you from electricity.
   Contam:    It causes magical contamination when unequipped.
   Stlth:     It makes you less stealthy.
 z - the ring of the Sky (left hand) {MP+9 AC+4 Str+5}
   (You acquired it in a sewer)

   [ring of protection]

   AC:        It affects your AC (+4).
   Str:       It affects your strength (+5).
   MP:        It affects your magic capacity (+9).
 A - the ring "Nuabi" (right hand) {rElec rN+ Int+2 Dex+3}
   (You acquired it in a sewer)

   [ring of positive energy]

   Int:       It affects your intelligence (+2).
   Dex:       It affects your dexterity (+3).
   rElec:     It insulates you from electricity.
   rN:        It protects you from negative energy.
Talismans
 c - a beast talisman
 D - a serpent talisman
Wands
 I - a wand of mindburst (25)
Scrolls
 d - 3 scrolls of amnesia {unknown}
 f - 2 scrolls of noise {unknown}
 g - a scroll of silence {unknown}
 i - a scroll of torment {unknown}
 j - 5 scrolls of identify {unknown}
 m - 2 scrolls of teleportation {unknown}
 n - 2 scrolls of enchant armour {unknown}
 t - a scroll of brand weapon {unknown}
 w - 3 scrolls of fog {unknown}
 x - a scroll of immolation {unknown}
 B - a scroll of summoning {unknown}
 C - a scroll of poison {unknown}
 E - a scroll of revelation {unknown}
 F - 2 scrolls of enchant weapon {unknown}
 M - a scroll of blinking {unknown}
Potions
 b - 3 potions of lignification
 h - 3 potions of heal wounds
 k - 4 potions of curing {unknown}
 o - a potion of haste
 p - 2 potions of berserk rage {unknown}
 q - a potion of cancellation {unknown}
 r - 2 potions of might {unknown}
 s - 2 potions of degeneration {unknown}
 u - a potion of enlightenment {unknown}
 G - 2 potions of ambrosia {unknown}
 J - a potion of invisibility {unknown}
 K - a potion of brilliance {unknown}
 L - a potion of mutation {unknown}


   Skills:
 * Level 8.4 Fighting
 - Level 2.1 Dodging
 - Level 5.1 Unarmed Combat
 - Level 4.5 Shapeshifting


You knew the following spells:

 Your Spells              Type           Power      Damage    Failure   Level
a - Apportation           Tloc           0%         N/A       88%         1
b - Static Discharge      Conj/Air       0%         2-2/arc   94%         2
c - Call Imp              Summ           0%         N/A       94%         2
d - Portal Projectile     Hex/Tloc       0%         N/A       99%         3
Your spell library was empty.

Dungeon Overview and Level Annotations

Branches:
Dungeon (6/15)             Temple (1/1) D:5           Sewer (visited)

Altars:
Ashenzari
Cheibriados
Elyvilon
Fedhas
Gozag
Hepliaklqana
Makhleb
Nemelex Xobeh
Okawaru
Qazlal
Ru
Trog
Uskayaw
Wu Jian
Xom
Yredelemnul

Annotations:
D:2 1 runed translucent door, Crazy Yiuf


Innate Abilities, Weirdness & Mutations

You are an enormous anaconda.
You have a powerful constriction melee attack.
You are flying.
Your maximum health is decreased, since you lack skill for your form.
Your spellcasting is less reliable in this form.
Your armour is entirely melded.
You are incapable of wielding weapons or throwing items.
You are immune to sickness and miasma.
You are immune to poison.
((Your flesh is very heat resistant. (rF++)))
((You are vulnerable to cold. (rC-)))
You float through the air rather than walking.
You learn spells naturally, not from books.
Your magical power is your life essence.
You have superior vitality. (+4 MHP)


Message History

No target in view!
You see here +0 fire dragon scales.
N - +0 fire dragon scales
I - a wand of mindburst (25) (gained 16 charges)
A centaur comes into view.
You see here a scroll labelled NYLOOM MUXIERE.
A centaur is nearby!
The centaur shouts!
The centaur wields a +0 orcbow.
The centaur shoots an arrow.
The arrow hits you!
The centaur shoots an arrow.
The arrow hits you but does no damage.
The centaur shoots an arrow.
The arrow hits you but does no damage.
The centaur shoots an arrow.
The arrow closely misses you.
The centaur shoots an arrow.
The arrow hits you!
There is an open door here.
The centaur unwields a +0 orcbow.
The centaur hits you.
The centaur kicks you but does no damage.
You lash the centaur! You grab the centaur.
The centaur is severely wounded.
You constrict the centaur. The centaur barely misses you.
The centaur kicks you but does no damage.
You lash the centaur!
You kill the centaur!
No target in view!
A steam dragon comes into view.
A steam dragon is nearby!
There is an open door here.
Found 2 stones.
The steam dragon breathes steam at you. The ball of steam misses you.
No target in view!
You are engulfed in a cloud of scalding steam.
The steam dragon breathes steam at you. The ball of steam hits you!!
* * * LOW HITPOINT WARNING * * *
You completely miss the steam dragon. You grab the steam dragon.
You constrict the steam dragon. The steam dragon bites you.
* * * LOW HITPOINT WARNING * * *
The steam dragon claws you.
You die...

#........( #.........
#......... #....... .
######...... ..
#......§§.######'##
#.....§...#.......#
##########.....D§§.#.§.....+
.............?.S§..'§).....#
................§.§#.§.....#
..........>........#.§.....#
...................#.......#
...................#...#####
...................#####
...................#
.##+######.........+
#.........#


You could see a steam dragon.

Vanquished Creatures
  Sigmund (D:2)
  Eustachio (D:4)
  An ogre (D:5)
  A centaur (D:6)
  A phantom (D:4)
  5 scorpions (D:5)
  A howler monkey (D:4)
  A jelly (D:4)
  An orc priest (D:5)
  A hound (D:4)
  A gnoll bouda (D:5)
  Jessica (D:2)
  An iguana (D:5)
  Ijyb (D:5)
  Natasha (thrice) (D:2)
  3 orc wizards (D:4)
  Robin (D:4)
  8 gnolls
  9 adders
  An ufetubus (D:4)
  3 worms
  2 dart slugs
  7 orcs
  6 ball pythons
  10 endoplasms
  6 giant cockroaches
  9 hobgoblins
  6 jackals
  6 kobolds
  4 quokkas
  6 bats
  7 frilled lizards
  11 goblins
  6 rats
132 creatures vanquished.

Notes
Turn   | Place    | Note
-------+----------+-------------------------------------------
     0 | D:1      | Nattfarinn the Djinni Shapeshifter began the quest for the
                  | Orb.
     0 | D:1      | Reached XP level 1. HP: 18/18 MP: 0/0
    38 | D:1      | Reached XP level 2. HP: 12/23 MP: 0/0
   122 | D:1      | Reached XP level 3. HP: 21/28 MP: 0/0
   122 | D:1      | Learned a level 1 spell: Apportation
   780 | D:2      | Noticed Sigmund
   797 | D:2      | Killed Sigmund
   798 | D:2      | Reached XP level 4. HP: 18/33 MP: 0/0
   798 | D:2      | Reached XP level 5. HP: 21/38 MP: 0/0
   798 | D:2      | Learned a level 2 spell: Static Discharge
   891 | D:2      | Noticed Natasha
   899 | D:2      | Killed Natasha
   900 | D:2      | Reached XP level 6. HP: 25/43 MP: 0/0
   935 | D:2      | Noticed Natasha
   945 | D:2      | Killed Natasha
  1037 | D:2      | Noticed Natasha
  1046 | D:2      | Killed Natasha
  1478 | D:2      | Found a runed translucent door.
  1479 | D:2      | Noticed Crazy Yiuf
  1548 | D:2      | Noticed Jessica
  1550 | D:2      | Killed Jessica
  1943 | D:3      | Identified the +2 robe "Sugoary" {Harm rF- rC+}
  2001 | D:3      | Found a glowing drain.
  2033 | Sewer    | Entered a sewer
  2166 | Sewer    | Reached skill level 5 in Unarmed Combat
  2168 | Sewer    | Reached XP level 7. HP: 40/49 MP: 0/0
  2168 | Sewer    | Learned a level 2 spell: Call Imp
  2427 | Sewer    | Identified 5 scrolls of acquirement
  2427 | Sewer    | Acquired the ring "Dapuura" {Fire Contam rElec Slay+5
                  | Stlth-}
  2429 | Sewer    | Acquired a manual of Armour
  2431 | Sewer    | Acquired the ring of the Sky {MP+9 AC+4 Str+5}
  2433 | Sewer    | Acquired the ring "Nuabi" {rElec rN+ Int+2 Dex+3}
  2434 | Sewer    | Acquired a +1 helmet of see invisible
  2985 | D:4      | Reached skill level 3 in Fighting
  3244 | D:4      | Reached skill level 4 in Fighting
  3280 | D:4      | Noticed Eustachio
  3299 | D:4      | Killed Eustachio
  3300 | D:4      | Reached skill level 5 in Fighting
  3300 | D:4      | Reached XP level 8. HP: 39/60 MP: 0/0
  3651 | D:4      | Noticed Robin
  3658 | D:4      | Killed Robin
  3783 | D:5      | Entered Level 5 of the Dungeon
  3803 | D:5      | Reached skill level 6 in Fighting
  3927 | D:5      | Reached skill level 7 in Fighting
  3981 | D:5      | Noticed Ijyb
  3987 | D:5      | Killed Ijyb
  4162 | D:5      | Found a staircase to the Ecumenical Temple.
  4189 | D:5      | Reached skill level 8 in Fighting
  4495 | Temple   | Entered the Ecumenical Temple
  4711 | Temple   | Became a worshipper of Ashenzari the Shackled
  4801 | D:6      | Reached XP level 9. HP: 46/70 MP: 0/0
  4801 | D:6      | Learned a level 3 spell: Portal Projectile
  4864 | D:6      | HP: 2/47 [steam dragon (4)]
  4864 | D:6      | Slain by a steam dragon

Illustrated notes

Levels and vault maps discovered:
D:1:      ncdulo_wetmaze, layout_basic
D:2:      layout_basic, uniq_sigmund, uniq_jessica, uniq_natasha,
          uniq_crazy_yiuf_cottage
D:3:      layout_rooms, cheibrodos_sewer_entry_drain
D:4:      layout_basic, grunt_decor_cap, serial_bayou_pond_b, uniq_eustachio,
          uniq_robin
D:5:      layout_basic, minmay_temple_entry_overgrown, bh_walls_and_bars,
          uniq_ijyb
D:6:      layout_gridville, zin_angel, serial_shops, shop
Temple:   dpeg_five_rooms_temple

Skill      XL: |  1  2  3  4  5  6  7  8 |
---------------+-------------------------+-----
Shapeshifting  | 3 4 |  4.5
Unarmed Combat | 4 5 |  5.1
Fighting       | 5 8 |  8.4
Dodging        | |  2.1

Action                     |  1- 3 |  4- 6 |  7- 9 || total
---------------------------+-------+-------+-------++-------
  Melee: Unarmed           |    74 |    91 |   141 ||   306
         Punch             |     3 |     1 |       ||     4
         Constrict         |       |       |    34 ||    34
    Use: Potion            |     1 |       |       ||     1
         Scroll            |       |       |     5 ||     5
   Stab: Sleeping          |       |     2 |       ||     2
         Distracted        |       |       |     1 ||     1
 Armour: Animal skin       |    10 |     7 |     3 ||    20
         Skin              |       |       |    59 ||    59
  Dodge: Dodged            |    41 |    61 |    66 ||   168
         Form:             |       |       |     1 ||     1
         Anaconda          |       |       |     1 ||     1
         Beast             |       |       |     1 ||     1

Table legend: (Time is in decaauts)
 A = Elapsed time spent in this place.
 B = Non-inter-level travel time spent in this place.
 C = Inter-level travel time spent in this place.
 D = Time resting spent in this place.
 E = Time spent auto-exploring this place.
 F = Levels seen in this place.
 G = Mean time per level.
                   A        B        C        D        E       F      G
               +--------+--------+--------+--------+--------+-----+--------+
         Total |   4829 |   4625 |    204 |     40 |   3721 |   8 |  603.6 |
       Dungeon |   4021 |   3873 |    148 |     40 |   3200 |   6 |  670.2 |
        Temple |    268 |    213 |     55 |      0 |    202 |   1 |  268.0 |
         Sewer |    539 |    539 |      0 |      0 |    319 |   1 |  539.0 |
               +--------+--------+--------+--------+--------+-----+--------+

Top non-repeatable levels by time:
     D:2: 1140 daAuts
     D:4: 877 daAuts
     D:1: 735 daAuts
     D:5: 725 daAuts
   Sewer: 539 daAuts
     D:3: 461 daAuts
  Temple: 268 daAuts
     D:6: 81 daAuts
